 Dungeon Crawl Stone Soup version 0.30-a0-170-g85af917532 (webtiles) character file.

Game seed: 13149366547731411839

51424 qw the Severer (level 14, -1/92 HPs)
             Began as a Gargoyle Fighter on Sept 30, 2022.
             Was a High Priest of Okawaru.
             Slain by a two-headed ogre
             ... wielding a +0 giant club
              (33 damage)
             ... on level 12 of the Dungeon.
             The game lasted 00:07:04 (16753 turns).

qw the Severer (Gargoyle Fighter)                  Turns: 16753, Time: 00:07:05

Health: -1/92      AC: 37    Str: 25    XL:     14   Next: 59%
Magic:  19/21      EV: 12    Int: 13    God:    Okawaru [*****.]
Gold:   1204       SH:  7    Dex: 15    Spells: 13/13 levels left

rFire   + + .      SeeInvis +    r - +7 broad axe (chaos)
rCold   + + .      Faith    .    c - +0 buckler
rNeg    + . .      Spirit   .    u - +0 chain mail of Demons {rF+ rC++ Dex+4}
rPois   inf        Reflect  .    a - +0 hat of the Gastropod {Will- Regen+ SInv Stlth+}
rElec   +          Harm     .    q - +1 cloak
rCorr   .          Rampage  .    t - +2 pair of gloves
Will    .....                    h - +2 pair of boots
Stlth   +.........               b - amulet "Olisuat" {Regen+ Dex+2}
HPRegen 1.85/turn                B - ring "Deaqofy" {rF+ AC+4 Int+4}
MPRegen 0.17/turn                s - +4 ring of slaying {mikee}

@: heroic, flying
A: sickness immunity, AC +10, big wings, negative energy resistance 1,
electricity resistance, torment resistance 1, petrification resistance
a: Renounce Religion, Heroism, Finesse, Duel


You were on level 12 of the Dungeon.
You worshipped Okawaru.
Okawaru was extremely pleased with you.
You visited 2 branches of the dungeon, and saw 17 of its levels.

You collected 1204 gold pieces.


Innate Abilities, Weirdness & Mutations

You are immune to sickness and miasma.
Your stone body is resilient. (AC +10)
You are immune to poison.
Your large and strong wings let you fly.
You resist negative energy. (rN+)
You are resistant to electric shocks. (rElec)
You are resistant to unholy torment.
You are immune to petrification.


   Skills:
 - Level 12.1(17.1) Fighting
 + Level 15.5(20.5) Axes
 - Level 5.0(10.0) Throwing
 - Level 10.0(15.0) Armour
 - Level 4.0(9.0) Dodging
 - Level 7.3(12.3) Shields
 - Level 10.0 Invocations


You had 13 spell levels left.
You didn't know any spells.
Your spell library was empty.

Inventory:

Hand Weapons
 r - a +7 broad axe of chaos (weapon)
 v - the +6 hand axe of Sokhaceghi {vorpal, rPois rCorr Str-4 SInv}
   (You found it on level 8 of the Dungeon)

   It inflicts extra damage upon your enemies.
   Str:       It affects your strength (-4).
   rPois:     It protects you from poison.
   SInv:      It lets you see invisible.
   rCorr:     It protects you from acid and corrosion.
 z - a +0 hand axe of flaming
Missiles
 j - a silver boomerang
 y - 2 javelins (quivered)
 E - 5 boomerangs
Armour
 a - the +0 hat of the Gastropod (worn) {Will- Regen+ SInv Stlth+}
   (You acquired it on level 7 of the Dungeon)

   SInv:      It lets you see invisible.
   Regen:     It increases your rate of health regeneration.
   Will:      It decreases your willpower.
   Stlth:     It makes you more stealthy.
 c - a +0 buckler (worn)
 e - +0 ice dragon scales
 h - a +2 pair of boots (worn)
 o - a +2 helmet
 q - a +1 cloak (worn)
 t - a +2 pair of gloves (worn)
 u - the +0 chain mail of Demons (worn) {rF+ rC++ Dex+4}
   (You found it on level 8 of the Dungeon)

   Dex:       It affects your dexterity (+4).
   rF:        It protects you from fire.
   rC:        It greatly protects you from cold.
 w - a +0 plate armour
 D - the +0 pair of gloves of Farod {-Tele rC+ Dex+3 Slay+4}
   (You acquired it on level 2 of the Lair of Beasts)

   Dex:       It affects your dexterity (+3).
   Slay:      It affects your accuracy & damage with ranged weapons and melee
   (+4).
   rC:        It protects you from cold.
   -Tele:     It prevents most forms of teleportation.
Jewellery
 b - the amulet "Olisuat" (around neck) {Regen+ Dex+2}
   (You acquired it on level 7 of the Dungeon)

   [amulet of regeneration]

   Dex:       It affects your dexterity (+2).
   Regen:     It increases your rate of health regeneration.
 l - the amulet of Elemental Vulnerability {rPois rF-- rC-- AC+8}
   (You found it on level 1 of the Lair of Beasts)

   [amulet of nothing]

   AC:        It affects your AC (+8).
   rF:        It makes you very vulnerable to fire.
   rC:        It makes you very vulnerable to cold.
   rPois:     It protects you from poison.
 m - a ring of protection from cold
 s - a +4 ring of slaying (right hand) {mikee}
 A - a ring of ice
 B - the ring "Deaqofy" (left hand) {rF+ AC+4 Int+4}
   (You acquired it on level 11 of the Dungeon)

   [ring of protection]

   AC:        It affects your AC (+4).
   Int:       It affects your intelligence (+4).
   rF:        It protects you from fire.
Scrolls
 g - 7 scrolls of identify
 p - 13 scrolls of teleportation
Potions
 d - 4 potions of might
 f - a potion of cancellation
 i - 3 potions of curing
 k - 6 potions of attraction
 n - a potion of resistance
 x - 6 potions of heal wounds

Dungeon Overview and Level Annotations

Branches:
Dungeon (12/15)            Temple (0/1) D:7            Lair (5/5) D:9
 Shoals (0/4) Lair:3       Spider (0/4) Lair:2        Slime (0/5) Lair:5
    Orc: D:9-12

Altars:
Cheibriados
Dithmenos
Nemelex Xobeh
Okawaru
Xom
Yredelemnul
Jiyva
Lugonu

Portals:
Abyss: Lair:5
Ice
Cave: D:12

Annotations:
Lair:2 2 transporters, qw's ghost, journeyman GrFi
Lair:5 1 runed translucent door


Message History

Enter note:
Found a scale mail.
There is an open door here.
You see here a +0 scale mail.
You see here a +0 scale mail.
There is an open door here.
You hear the quick crackling of a melting archway nearby.
You reach down and open the door.
There is an open door here.
You reach down and open the door.
There is an open door here.
You hear the loud crackling of a melting archway.
You reach down and open the door.
A two-headed ogre comes into view. It is wielding two +0 giant clubs.
The two-headed ogre shouts in stereo!
There is an open door here.
Throw: 4 javelins
Press: ? - help, Q - select action, (/) - cycle Shift-Dir - straight line, f - two-headed ogre You throw a javelin.
The javelin pierces through the two-headed ogre.
The two-headed ogre is lightly wounded.
Throw: 3 javelins
Press: ? - help, Q - select action, (/) - cycle Shift-Dir - straight line, f/p - two-headed ogre You throw a javelin.
The javelin pierces through the two-headed ogre!
The two-headed ogre is moderately wounded.
You barely miss the two-headed ogre.
The two-headed ogre is moderately wounded.
You slash the two-headed ogre!
The two-headed ogre goes berserk!
The two-headed ogre is heavily wounded.
The two-headed ogre closely misses you.
The two-headed ogre hits you with a +0 giant club!!
16752 ||| INVOKING Heroism.
You gain the combat prowess of a mighty hero.
The two-headed ogre hits you with a +0 giant club!!
The two-headed ogre completely misses you.
You hit the two-headed ogre. You burn the two-headed ogre.
The two-headed ogre is heavily wounded.
The two-headed ogre hits you with a +0 giant club!! x2
You die...

.#......#....##....+....#####
.#...........##....#........#
.#####'#####.......#....##..#
...........#.......#....##..#####
...........'.##....#....##.......
.##........#.##....#....##.......
.##........#.##....#....##.......
.####'###..#.......###########...
.##...###..#+###@#### #...
..#.....#........O.....# ####
..'.....#.........?....#
####..###..##.........(#
.###..#######..........#
.......................#
...........#############
...........# ...........#


You could see a two-headed ogre (berserk).

Vanquished Creatures
  An entropy weaver (shapeshifter) (Lair:5)
  3 hydras
  An ice dragon (Lair:5)
  Erolcha (D:10)
  A catoblepas (Lair:1)
  Erica (D:9)
  2 two-headed ogres
  A boulder beetle (D:11)
  7 death yaks
  3 thrashing horrors (Lair:5)
  A salamander mystic (D:10)
  A large abomination (Lair:5)
  A lindwurm (Lair:3)
  Pikel (D:9)
  2 salamanders (D:10)
  3 ugly things
  A merfolk siren (Lair:3)
  19 elephants
  An ice statue (Lair:5)
  2 black mambas
  2 smoke demons (Lair:5)
  2 unseen horrors
  3 komodo dragons
  8 cane toads
  2 rime drakes
  An ancient zyme (Lair:5)
  2 trolls
  4 polar bears
  A hornet (D:8)
  18 blink frogs
  A spriggan (Lair:5)
  A ynoxinul (Lair:5)
  Sigmund (D:4)
  2 shadows
  2 wraiths
  3 wyverns
  Eustachio (D:5)
  42 yaks
  7 basilisks
  Grum (D:9)
  A chaos spawn (Lair:5)
  4 vampire mosquitoes (D:11)
  Duvessa (D:6)
  14 water moccasins
  2 orc warriors
  4 ice beasts
  A sky beast (D:8)
  3 black bears
  4 ogres
  2 centaurs
  18 wolves
  4 lemures (D:9)
  A kobold brigand (D:9)
  12 bullfrogs
  A bullfrog (shapeshifter) (Lair:5)
  2 scorpions
  A necrophage (D:6)
  A water moccasin zombie (D:4)
  4 wights (D:8)
  12 small abominations (Lair:5)
  Dowan (D:6)
  20 killer bees
  A howler monkey (D:9)
  2 jellies (D:5)
  4 orc priests
  3 hounds
  3 gnoll boudas
  2 iguanas (D:6)
  11 orc wizards
  2 hound zombies (D:4)
  21 gnolls
  9 adders
  2 shadow imps (D:7)
  6 white imps
  An ufetubus (D:5)
  2 adder zombies (D:4)
  7 worms
  38 orcs
  5 bats
  5 endoplasms
  2 giant cockroaches
  6 hobgoblins
  6 jackals
  16 kobolds
  3 quokkas
  4 ball pythons
  2 frilled lizards
  6 goblins
  3 rats
442 creatures vanquished.

Vanquished Creatures (others)
  10 fungi
  14 plants
24 creatures vanquished.

Grand Total: 466 creatures vanquished

Notes
Turn   | Place    | Note
-------+----------+-------------------------------------------
     0 | D:1      | qw the Gargoyle Fighter began the quest for the Orb.
     0 | D:1      | Reached XP level 1. HP: 14/14 MP: 1/1
     0 | D:1      | 0 ||| qw: Version: 0.2-a-13-gfc7b4b4
     0 | D:1      | 0 ||| qw: Game counter: 1668
     0 | D:1      | 0 ||| qw: Always use a shield: true
     0 | D:1      | 0 ||| qw: God list: Okawaru
     0 | D:1      | 0 ||| qw: Allow faded altars: false
     0 | D:1      | 0 ||| qw: Do Orc after D:15 true
     0 | D:1      | 0 ||| qw: Do second Lair branch before Depths: true
     0 | D:1      | 0 ||| qw: Lair rune preference: random
     0 | D:1      | 0 ||| qw: Plans: Normal, Zot:1-4, God:TSO, Crypt, Tomb,
                  | Pan, Slime:5, Hells, Abyss, Orb
     0 | D:1      | 0 ||| PLANNING D:1-11
    36 | D:1      | 36 ||| Stepping ~*~*~tactically~*~*~ (stealth).
    46 | D:1      | Reached skill level 2 in Axes
   317 | D:1      | Found a faded altar of an unknown god.
   384 | D:1      | Reached XP level 2. HP: 19/19 MP: 2/2
   776 | D:1      | 776 ||| Stepping ~*~*~tactically~*~*~ (stealth).
   796 | D:1      | 796 ||| UPGRADING to +2 pair of boots.
   801 | D:1      | 801 ||| READING scroll labelled XIGIONN ALEQOZ.
   802 | D:1      | 802 ||| READING scroll labelled BAUGEGU FYFF.
   812 | D:2      | 812 ||| STAIRDANCE
   818 | D:2      | 818 ||| STAIRDANCE
   888 | D:2      | Reached skill level 3 in Axes
   888 | D:2      | Reached XP level 3. HP: 20/23 MP: 3/3
   888 | D:2      | 888 ||| STAIRDANCE
   942 | D:2      | 942 ||| Stepping ~*~*~tactically~*~*~ (stealth).
   945 | D:2      | 945 ||| Stepping ~*~*~tactically~*~*~ (stealth).
   951 | D:2      | 951 ||| Stepping ~*~*~tactically~*~*~ (stealth).
  1334 | D:2      | 1334 ||| DROPPING +0 club.
  1424 | D:2      | 1424 ||| READING scroll labelled ZIUPSU ZAOTEH.
  1428 | D:2      | 1428 ||| READING 2 scrolls labelled XOANEO IMEGUEQ.
  1522 | D:3      | Reached XP level 4. HP: 28/28 MP: 4/4
  1567 | D:3      | 1567 ||| Stepping ~*~*~tactically~*~*~ (stealth).
  1568 | D:3      | 1568 ||| Stepping ~*~*~tactically~*~*~ (stealth).
  1572 | D:3      | Reached skill level 4 in Axes
  1584 | D:3      | HP: 6/28 [gnoll/+0 halberd (5)]
  1637 | D:3      | 1637 ||| FLEEEEING.
  1836 | D:3      | 1836 ||| DROPPING +0 whip.
  1856 | D:3      | 1856 ||| Stepping ~*~*~tactically~*~*~ (stealth).
  2188 | D:3      | Reached XP level 5. HP: 31/32 MP: 5/5
  2369 | D:3      | 2369 ||| UPGRADING to +4 ring of slaying {mikee}.
  2370 | D:3      | 2370 ||| READING 2 scrolls labelled UFORIO BETUH.
  2371 | D:3      | 2371 ||| READING scroll of enchant weapon.
  2371 | D:3      | 2371 ||| ENCHANTING +1 war axe.
  2372 | D:3      | 2372 ||| DRINKING 2 amethyst potions.
  2390 | D:4      | Noticed Sigmund
  2397 | D:4      | Killed Sigmund
  2398 | D:4      | Reached skill level 5 in Axes
  2398 | D:4      | Reached XP level 6. HP: 24/37 MP: 6/6
  2688 | D:4      | 2688 ||| DROPPING +0 flail.
  3002 | D:4      | Found a basalt altar of Yredelemnul.
  3009 | D:4      | Reached skill level 1 in Dodging
  3336 | D:4      | Found a shimmering altar of Xom.
  3673 | D:4      | 3673 ||| UPGRADING to +2 helmet.
  3678 | D:4      | 3678 ||| DRINKING 3 fuming dark potions.
  3679 | D:4      | 3679 ||| DRINKING 2 metallic black potions.
  3680 | D:4      | 3680 ||| DROPPING potion of flight.
  3713 | D:5      | Entered Level 5 of the Dungeon
  3715 | D:5      | 3715 ||| Stepping ~*~*~tactically~*~*~ (stealth).
  3716 | D:5      | 3716 ||| Stepping ~*~*~tactically~*~*~ (stealth).
  3717 | D:5      | 3717 ||| Stepping ~*~*~tactically~*~*~ (stealth).
  3718 | D:5      | 3718 ||| Stepping ~*~*~tactically~*~*~ (stealth).
  3746 | D:5      | 3746 ||| Stepping ~*~*~tactically~*~*~ (stealth).
  3748 | D:5      | 3748 ||| Stepping ~*~*~tactically~*~*~ (stealth).
  3753 | D:5      | 3753 ||| FLEEEEING.
  3754 | D:5      | 3754 ||| FLEEEEING.
  3757 | D:5      | 3757 ||| STAIRDANCE
  3864 | D:5      | 3864 ||| Stepping ~*~*~tactically~*~*~ (stealth).
  3865 | D:5      | 3865 ||| Stepping ~*~*~tactically~*~*~ (stealth).
  3873 | D:5      | Reached skill level 6 in Axes
  3873 | D:5      | Reached XP level 7. HP: 40/43 MP: 7/7
  4356 | D:5      | Reached skill level 7 in Axes
  4561 | D:5      | 4561 ||| Stepping ~*~*~tactically~*~*~ (stealth).
  4734 | D:5      | Found a shadowy altar of Dithmenos.
  4736 | D:5      | Noticed Eustachio
  4737 | D:5      | 4737 ||| FLEEEEING.
  4738 | D:5      | 4738 ||| FLEEEEING.
  4739 | D:5      | 4739 ||| Stepping ~*~*~tactically~*~*~ (hiding).
  4799 | D:5      | 4799 ||| Stepping ~*~*~tactically~*~*~ (stealth).
  4842 | D:5      | 4842 ||| FLEEEEING.
  4856 | D:5      | 4856 ||| FLEEEEING.
  4857 | D:5      | 4857 ||| FLEEEEING.
  4869 | D:5      | 4869 ||| FLEEEEING.
  4870 | D:5      | 4870 ||| FLEEEEING.
  4885 | D:5      | 4885 ||| FLEEEEING.
  4886 | D:5      | Killed Eustachio
  4887 | D:5      | Reached XP level 8. HP: 41/49 MP: 8/8
  4888 | D:5      | 4888 ||| STAIRDANCE
  4937 | D:4      | 4937 ||| DROPPING orb of energy.
  4938 | D:4      | 4938 ||| UPGRADING to +0 pair of gloves.
  4943 | D:4      | 4943 ||| DROPPING +2 hat.
  4944 | D:4      | 4944 ||| DROPPING ring of magical power.
  4945 | D:4      | 4945 ||| READING scroll labelled FECAUC HIEH.
  4946 | D:4      | 4946 ||| READING scroll labelled QOCYIK QEAP.
  4947 | D:4      | 4947 ||| READING 2 scrolls of identify.
  4947 | D:4      | 4947 ||| IDENTIFYING blue potion
  4948 | D:4      | 4948 ||| DROPPING potion of berserk rage.
  4988 | D:5      | 4988 ||| Stepping ~*~*~tactically~*~*~ (hiding).
  5010 | D:5      | 5010 ||| Stepping ~*~*~tactically~*~*~ (stealth).
  5149 | D:5      | 5149 ||| UPGRADING to ring of protection from cold.
  5150 | D:5      | 5150 ||| DRINKING 2 yellow potions.
  5151 | D:5      | 5151 ||| READING 2 scrolls of identify.
  5151 | D:5      | 5151 ||| IDENTIFYING pink potion
  5152 | D:5      | 5152 ||| DROPPING potion of magic.
  5329 | D:6      | Reached skill level 8 in Axes
  5501 | D:6      | 5501 ||| Stepping ~*~*~tactically~*~*~ (stealth).
  5505 | D:6      | 5505 ||| Stepping ~*~*~tactically~*~*~ (stealth).
  5520 | D:6      | Found an iron altar of Okawaru.
  5521 | D:6      | 5521 ||| PLANNING OKAWARU WORSHIP
  5521 | D:6      | 5521 ||| READING scroll labelled MORUME IGUE.
  5522 | D:6      | 5522 ||| READING scroll labelled ZANICV DUEXZO.
  5530 | D:6      | Became a worshipper of Warmaster Okawaru
  5531 | D:6      | 5531 ||| PLANNING D:1-11
  5625 | D:6      | Reached skill level 6 in Fighting
  5747 | D:6      | Found a sparkling altar of Nemelex Xobeh.
  5979 | D:6      | 5979 ||| READING 2 scrolls of identify.
  5979 | D:6      | 5979 ||| IDENTIFYING inky potion
  6088 | D:7      | 6088 ||| Stepping ~*~*~tactically~*~*~ (stealth).
  6095 | D:7      | Reached skill level 9 in Axes
  6097 | D:7      | 6097 ||| Stepping ~*~*~tactically~*~*~ (stealth).
  6102 | D:7      | Reached * piety under Okawaru
  6110 | D:7      | 6110 ||| Stepping ~*~*~tactically~*~*~ (stealth).
  6111 | D:7      | 6111 ||| Stepping ~*~*~tactically~*~*~ (stealth).
  6141 | D:7      | HP: 12/51 [something (8)]
  6142 | D:7      | HP: 1/51 [something (5)]
  6143 | D:7      | Killed an unseen horror
  6144 | D:7      | Reached XP level 9. HP: 2/55 MP: 8/10
  6441 | D:7      | 6441 ||| Stepping ~*~*~tactically~*~*~ (stealth).
  6443 | D:7      | 6443 ||| Stepping ~*~*~tactically~*~*~ (hiding).
  6444 | D:7      | 6444 ||| Stepping ~*~*~tactically~*~*~ (hiding).
  6446 | D:7      | 6446 ||| Stepping ~*~*~tactically~*~*~ (hiding).
  6467 | D:7      | 6467 ||| Stepping ~*~*~tactically~*~*~ (stealth).
  6480 | D:7      | 6480 ||| Stepping ~*~*~tactically~*~*~ (stealth).
  6487 | D:7      | 6487 ||| Stepping ~*~*~tactically~*~*~ (stealth).
  6489 | D:7      | 6489 ||| Stepping ~*~*~tactically~*~*~ (hiding).
  6491 | D:7      | 6491 ||| Stepping ~*~*~tactically~*~*~ (hiding).
  6493 | D:7      | 6493 ||| Stepping ~*~*~tactically~*~*~ (hiding).
  6524 | D:7      | Reached skill level 3 in Invocations
  6588 | D:7      | 6588 ||| Stepping ~*~*~tactically~*~*~ (hiding).
  6591 | D:7      | 6591 ||| INVOKING Heroism.
  6672 | D:7      | 6672 ||| Stepping ~*~*~tactically~*~*~ (hiding).
  6673 | D:7      | 6673 ||| Stepping ~*~*~tactically~*~*~ (hiding).
  6936 | D:7      | Found a staircase to the Ecumenical Temple.
  7027 | D:7      | 7027 ||| Stepping ~*~*~tactically~*~*~ (stealth).
  7030 | D:7      | 7030 ||| Stepping ~*~*~tactically~*~*~ (stealth).
  7227 | D:7      | 7227 ||| READING scroll labelled ETZASUEFULO.
  7245 | D:6      | 7245 ||| INVOKING Heroism.
  7354 | D:6      | Noticed Duvessa
  7354 | D:6      | Noticed Dowan
  7355 | D:6      | 7355 ||| INVOKING Heroism.
  7356 | D:6      | 7356 ||| Stepping ~*~*~tactically~*~*~ (hiding).
  7362 | D:6      | Killed Duvessa
  7363 | D:6      | Reached skill level 1 in Throwing
  7368 | D:6      | Killed Dowan
  7368 | D:6      | Reached ** piety under Okawaru
  7467 | D:8      | 7467 ||| STAIRDANCE
  7469 | D:7      | 7469 ||| INVOKING Heroism.
  7557 | D:8      | 7557 ||| READING scroll of enchant armour.
  7557 | D:8      | 7557 ||| ENCHANTING +0 pair of gloves.
  7651 | D:8      | 7651 ||| Stepping ~*~*~tactically~*~*~ (stealth).
  7715 | D:8      | Identified the +0 chain mail of Demons {rF+ rC++ Dex+4}
  7717 | D:8      | Identified the +6 hand axe of Sokhaceghi {vorpal, rPois
                  | rCorr Str-4 SInv}
  7787 | D:8      | Noticed a hornet
  7791 | D:8      | Killed a hornet
  7807 | D:8      | 7807 ||| Stepping ~*~*~tactically~*~*~ (hiding).
  7808 | D:8      | 7808 ||| Stepping ~*~*~tactically~*~*~ (hiding).
  7816 | D:8      | 7816 ||| INVOKING Heroism.
  7818 | D:8      | Reached skill level 10 in Axes
  7818 | D:8      | Reached XP level 10. HP: 30/63 MP: 10/13
  7821 | D:8      | 7821 ||| FLEEEEING.
  7824 | D:8      | 7824 ||| FLEEEEING.
  7825 | D:8      | 7825 ||| FLEEEEING.
  7826 | D:8      | 7826 ||| FLEEEEING.
  7910 | D:8      | 7910 ||| FLEEEEING.
  7911 | D:8      | 7911 ||| FLEEEEING.
  7912 | D:8      | 7912 ||| FLEEEEING.
  7913 | D:8      | 7913 ||| FLEEEEING.
  7914 | D:8      | 7914 ||| FLEEEEING.
  7915 | D:8      | 7915 ||| FLEEEEING.
  7918 | D:8      | 7918 ||| FLEEEEING.
  7919 | D:8      | 7919 ||| FLEEEEING.
  7920 | D:8      | 7920 ||| FLEEEEING.
  7921 | D:8      | 7921 ||| FLEEEEING.
  7922 | D:8      | 7922 ||| FLEEEEING.
  7923 | D:8      | 7923 ||| FLEEEEING.
  7924 | D:8      | 7924 ||| FLEEEEING.
  7925 | D:8      | 7925 ||| FLEEEEING.
  7926 | D:8      | 7926 ||| FLEEEEING.
  7927 | D:8      | 7927 ||| FLEEEEING.
  7928 | D:8      | 7928 ||| FLEEEEING.
  7929 | D:8      | 7929 ||| FLEEEEING.
  7930 | D:8      | 7930 ||| FLEEEEING.
  7931 | D:8      | 7931 ||| FLEEEEING.
  7932 | D:8      | 7932 ||| FLEEEEING.
  7933 | D:8      | 7933 ||| FLEEEEING.
  7934 | D:8      | 7934 ||| FLEEEEING.
  7935 | D:8      | 7935 ||| FLEEEEING.
  7936 | D:8      | 7936 ||| FLEEEEING.
  7937 | D:8      | 7937 ||| FLEEEEING.
  7938 | D:8      | 7938 ||| FLEEEEING.
  7939 | D:8      | 7939 ||| FLEEEEING.
  7940 | D:8      | 7940 ||| FLEEEEING.
  7941 | D:8      | 7941 ||| FLEEEEING.
  7942 | D:8      | 7942 ||| FLEEEEING.
  7943 | D:8      | 7943 ||| STAIRDANCE
  7981 | D:7      | 7981 ||| DROPPING +3 leather armour of fire resistance.
  7982 | D:7      | 7982 ||| UPGRADING to +0 chain mail of Demons {rF+ rC++
                  | Dex+4}.
  7992 | D:7      | 7992 ||| DROPPING +0 scale mail.
  7993 | D:7      | 7993 ||| READING 3 scrolls labelled IMIYKHL GEKK.
  7993 | D:7      | Identified 3 scrolls of acquirement
  7993 | D:7      | 7993 ||| ACQUIRING +0 hat of the Gastropod {Will- Regen+
                  | SInv Stlth+}
  7993 | D:7      | Acquired the +0 hat of the Gastropod {Will- Regen+ SInv
                  | Stlth+}
  7995 | D:7      | 7995 ||| UPGRADING to +0 hat of the Gastropod {Will- Regen+
                  | SInv Stlth+}.
  8005 | D:7      | 8005 ||| READING 2 scrolls of acquirement.
  8005 | D:7      | 8005 ||| ACQUIRING amulet "Olisuat" {Regen+ Dex+2}
  8005 | D:7      | Acquired the amulet "Olisuat" {Regen+ Dex+2}
  8007 | D:7      | 8007 ||| UPGRADING to amulet "Olisuat" {Regen+ Dex+2}.
  8012 | D:7      | 8012 ||| READING scroll of acquirement.
  8012 | D:7      | 8012 ||| ACQUIRING +5 broad axe of flaming
  8012 | D:7      | Acquired a +5 broad axe of flaming
  8014 | D:7      | 8014 ||| SWAPPING to +5 broad axe of flaming.
  8015 | D:7      | 8015 ||| DROPPING +0 morningstar.
  8016 | D:7      | 8016 ||| DROPPING +2 war axe.
  8057 | D:8      | 8057 ||| Stepping ~*~*~tactically~*~*~ (hiding).
  8058 | D:8      | 8058 ||| Stepping ~*~*~tactically~*~*~ (hiding).
  8070 | D:8      | 8070 ||| Stepping ~*~*~tactically~*~*~ (stealth).
  8071 | D:8      | 8071 ||| Stepping ~*~*~tactically~*~*~ (stealth).
  8073 | D:8      | 8073 ||| Stepping ~*~*~tactically~*~*~ (hiding).
  8074 | D:8      | 8074 ||| Stepping ~*~*~tactically~*~*~ (hiding).
  8075 | D:8      | 8075 ||| Stepping ~*~*~tactically~*~*~ (hiding).
  8076 | D:8      | 8076 ||| Stepping ~*~*~tactically~*~*~ (hiding).
  8077 | D:8      | 8077 ||| Stepping ~*~*~tactically~*~*~ (hiding).
  8230 | D:8      | 8230 ||| INVOKING Heroism.
  8233 | D:8      | 8233 ||| Stepping ~*~*~tactically~*~*~ (stealth).
  8234 | D:8      | 8234 ||| Stepping ~*~*~tactically~*~*~ (stealth).
  8477 | D:8      | 8477 ||| READING scroll labelled LAKHLABUWOU.
  8478 | D:8      | 8478 ||| READING scroll labelled ZERAOS CEOSK.
  8521 | D:8      | 8521 ||| DROPPING +0 whip.
  8548 | D:9      | 8548 ||| INVOKING Heroism.
  8549 | D:9      | 8549 ||| STAIRDANCE
  8568 | D:9      | Reached *** piety under Okawaru
  8590 | D:9      | 8590 ||| Stepping ~*~*~tactically~*~*~ (stealth).
  8602 | D:9      | Reached skill level 3 in Throwing
  8666 | D:9      | 8666 ||| Stepping ~*~*~tactically~*~*~ (hiding).
  8675 | D:9      | 8675 ||| DRINKING 3 potions of curing.
  8675 | D:9      | 8675 ||| (to cure confusion)
  8682 | D:9      | 8682 ||| Stepping ~*~*~tactically~*~*~ (hiding).
  8690 | D:9      | 8690 ||| Stepping ~*~*~tactically~*~*~ (stealth).
  8797 | D:9      | 8797 ||| Stepping ~*~*~tactically~*~*~ (stealth).
  8800 | D:9      | 8800 ||| Stepping ~*~*~tactically~*~*~ (stealth).
  8800 | D:9      | Noticed Erica
  8801 | D:9      | 8801 ||| INVOKING Heroism.
  8803 | D:9      | 8803 ||| Stepping ~*~*~tactically~*~*~ (hiding).
  8810 | D:9      | 8810 ||| DRINKING 2 potions of curing.
  8810 | D:9      | 8810 ||| (to cure confusion)
  8811 | D:9      | Noticed Grum
  8811 | D:9      | Killed Erica
  8812 | D:9      | Reached skill level 6 in Armour
  8819 | D:9      | 8819 ||| INVOKING Heroism.
  8822 | D:9      | Reached **** piety under Okawaru
  8827 | D:9      | Killed Grum
  8838 | D:9      | 8838 ||| INVOKING Heroism.
  8850 | D:9      | 8850 ||| Stepping ~*~*~tactically~*~*~ (stealth).
  8854 | D:9      | 8854 ||| Stepping ~*~*~tactically~*~*~ (stealth).
  8866 | D:9      | 8866 ||| Stepping ~*~*~tactically~*~*~ (stealth).
  8871 | D:9      | Received a gift from Okawaru
  8883 | D:9      | 8883 ||| DROPPING +0 flail.
  8893 | D:9      | Noticed Pikel
  8894 | D:9      | 8894 ||| Stepping ~*~*~tactically~*~*~ (stealth).
  8895 | D:9      | 8895 ||| Stepping ~*~*~tactically~*~*~ (stealth).
  8898 | D:9      | 8898 ||| Stepping ~*~*~tactically~*~*~ (stealth).
  8899 | D:9      | 8899 ||| Stepping ~*~*~tactically~*~*~ (stealth).
  8918 | D:9      | Killed Pikel
  9185 | D:9      | Found a staircase to the Lair.
  9262 | D:9      | 9262 ||| PLANNING LAIR
  9262 | D:9      | 9262 ||| UPGRADING to +0 cloak.
  9267 | D:9      | 9267 ||| DROPPING ring of wizardry.
  9268 | D:9      | 9268 ||| READING 4 scrolls of identify.
  9268 | D:9      | 9268 ||| IDENTIFYING cyan potion
  9269 | D:9      | 9269 ||| READING 3 scrolls of identify.
  9269 | D:9      | 9269 ||| IDENTIFYING fuming amethyst potion
  9270 | D:9      | 9270 ||| READING 2 scrolls of identify.
  9270 | D:9      | 9270 ||| IDENTIFYING metallic purple potion
  9271 | D:9      | 9271 ||| DROPPING potion of degeneration.
  9272 | D:9      | 9272 ||| DROPPING potion of brilliance.
  9305 | Lair:1   | Entered Level 1 of the Lair of Beasts
  9305 | Lair:1   | Noticed a catoblepas
  9306 | Lair:1   | 9306 ||| INVOKING Heroism.
  9314 | Lair:1   | Killed a catoblepas
  9315 | Lair:1   | Reached skill level 6 in Invocations
  9315 | Lair:1   | Reached XP level 11. HP: 36/68 MP: 13/15
  9352 | Lair:1   | 9352 ||| Stepping ~*~*~tactically~*~*~ (stealth).
  9359 | Lair:1   | Reached skill level 11 in Axes
  9378 | Lair:1   | 9378 ||| Stepping ~*~*~tactically~*~*~ (stealth).
  9380 | Lair:1   | 9380 ||| Stepping ~*~*~tactically~*~*~ (stealth).
  9384 | Lair:1   | 9384 ||| INVOKING Heroism.
  9396 | Lair:1   | Reached ***** piety under Okawaru
  9401 | Lair:1   | Reached skill level 3 in Dodging
  9441 | Lair:1   | 9441 ||| Stepping ~*~*~tactically~*~*~ (stealth).
  9441 | Lair:1   | Found the amulet of Elemental Vulnerability {rPois rF--
                  | rC-- AC+8}
  9443 | Lair:1   | Received a gift from Okawaru
  9639 | Lair:1   | 9639 ||| INVOKING Heroism.
  9641 | Lair:1   | 9641 ||| Stepping ~*~*~tactically~*~*~ (stealth).
  9649 | Lair:1   | 9649 ||| Stepping ~*~*~tactically~*~*~ (stealth).
  9664 | Lair:1   | Received a gift from Okawaru
  9672 | Lair:1   | 9672 ||| READING scroll of enchant armour.
  9672 | Lair:1   | 9672 ||| ENCHANTING +1 pair of gloves.
  9676 | Lair:1   | 9676 ||| READING scroll of enchant weapon.
  9676 | Lair:1   | 9676 ||| ENCHANTING +5 broad axe of venom.
  9773 | Lair:1   | 9773 ||| Stepping ~*~*~tactically~*~*~ (stealth).
  9778 | Lair:1   | 9778 ||| INVOKING Heroism.
  9802 | Lair:1   | Found the +8 whip "Snakebite" {venom, curare, rPois}
  9992 | Lair:1   | Identified the +0 ring mail of Welyefom {rPois rF+ Regen+}
 10078 | Lair:1   | Identified the ring of Doubts {Ice Int+2 Stlth+}
 10397 | Lair:2   | Noticed a death yak
 10398 | Lair:2   | 10398 ||| INVOKING Heroism.
 10398 | Lair:2   | Noticed a death yak
 10399 | Lair:2   | 10399 ||| INVOKING Finesse.
 10400 | Lair:2   | 10400 ||| STAIRDANCE
 10447 | Lair:2   | Noticed a death yak
 10448 | Lair:2   | 10448 ||| STAIRDANCE
 10450 | Lair:1   | 10450 ||| INVOKING Heroism.
 10451 | Lair:1   | 10451 ||| INVOKING Finesse.
 10459 | Lair:1   | Killed a death yak
 10460 | Lair:1   | Reached skill level 9 in Fighting
 10503 | Lair:2   | 10503 ||| INVOKING Heroism.
 10504 | Lair:2   | 10504 ||| INVOKING Finesse.
 10507 | Lair:2   | Killed a death yak
 10507 | Lair:2   | Received a gift from Okawaru
 10508 | Lair:2   | Reached skill level 9 in Invocations
 10510 | Lair:2   | Killed a death yak
 10573 | Lair:2   | 10573 ||| INVOKING Heroism.
 10583 | Lair:2   | Reached XP level 12. HP: 69/76 MP: 16/19
 10583 | Lair:2   | Received a gift from Okawaru
 10593 | Lair:2   | 10593 ||| Stepping ~*~*~tactically~*~*~ (stealth).
 10598 | Lair:2   | 10598 ||| Stepping ~*~*~tactically~*~*~ (stealth).
 10608 | Lair:2   | 10608 ||| INVOKING Heroism.
 10622 | Lair:2   | Received a gift from Okawaru
 10650 | Lair:2   | Reached skill level 12 in Axes
 10701 | Lair:2   | Noticed qw's ghost (journeyman GrFi)
 10709 | Lair:2   | Found a transporter.
 10723 | Lair:2   | Noticed a death yak
 10723 | Lair:2   | Noticed a death yak
 10724 | Lair:2   | 10724 ||| INVOKING Heroism.
 10725 | Lair:2   | 10725 ||| INVOKING Finesse.
 10727 | Lair:2   | Noticed a death yak
 10732 | Lair:2   | Noticed a death yak
 10738 | Lair:2   | Killed a death yak
 10739 | Lair:2   | Killed a death yak
 10740 | Lair:2   | Reached skill level 6 in Shields
 10747 | Lair:2   | Killed a death yak
 10747 | Lair:2   | Received a gift from Okawaru
 10754 | Lair:2   | Killed a death yak
 10917 | Lair:2   | 10917 ||| Stepping ~*~*~tactically~*~*~ (stealth).
 10919 | Lair:2   | 10919 ||| Stepping ~*~*~tactically~*~*~ (hiding).
 10947 | Lair:2   | Found a hole to the Spider Nest.
 10950 | Lair:2   | 10950 ||| READING scroll of enchant weapon.
 10950 | Lair:2   | 10950 ||| ENCHANTING +6 broad axe of venom.
 11011 | Lair:2   | 11011 ||| READING scroll of acquirement.
 11011 | Lair:2   | 11011 ||| ACQUIRING +0 pair of gloves of Farod {-Tele rC+
                  | Dex+3 Slay+4}
 11011 | Lair:2   | Acquired the +0 pair of gloves of Farod {-Tele rC+ Dex+3
                  | Slay+4}
 11047 | Lair:2   | 11047 ||| Stepping ~*~*~tactically~*~*~ (hiding).
 11257 | Lair:2   | Found a transporter.
 11419 | Lair:2   | 11419 ||| READING scroll labelled REGYQA OTIHIPP.
 11420 | Lair:2   | 11420 ||| READING scroll labelled LUHEMPOURE.
 11421 | Lair:2   | 11421 ||| READING 2 scrolls of identify.
 11421 | Lair:2   | 11421 ||| IDENTIFYING silvery potion
 11422 | Lair:2   | 11422 ||| DROPPING potion of ambrosia.
 11447 | Lair:3   | 11447 ||| STAIRDANCE
 11460 | Lair:3   | 11460 ||| STAIRDANCE
 11481 | Lair:3   | 11481 ||| READING scroll of enchant armour.
 11481 | Lair:3   | 11481 ||| ENCHANTING +0 cloak.
 11547 | Lair:3   | 11547 ||| INVOKING Heroism.
 11699 | Lair:3   | 11699 ||| INVOKING Heroism.
 11772 | Lair:3   | 11772 ||| Stepping ~*~*~tactically~*~*~ (stealth).
 11773 | Lair:3   | 11773 ||| Stepping ~*~*~tactically~*~*~ (stealth).
 11774 | Lair:3   | 11774 ||| INVOKING Heroism.
 11788 | Lair:3   | Reached skill level 13 in Axes
 11789 | Lair:3   | Reached XP level 13. HP: 76/82 MP: 18/20
 11880 | Lair:3   | Received a gift from Okawaru
 11901 | Lair:3   | 11901 ||| INVOKING Heroism.
 11969 | Lair:3   | 11969 ||| Stepping ~*~*~tactically~*~*~ (hiding).
 12082 | Lair:3   | Found a staircase to the Shoals.
 12454 | Lair:3   | 12454 ||| DROPPING +2 pair of gloves of infusion.
 12623 | Lair:4   | 12623 ||| Stepping ~*~*~tactically~*~*~ (stealth).
 12625 | Lair:4   | 12625 ||| INVOKING Heroism.
 12626 | Lair:4   | 12626 ||| INVOKING Finesse.
 12628 | Lair:4   | 12628 ||| SWAPPING to +0 hand axe of flaming.
 12638 | Lair:4   | 12638 ||| SWAPPING to +7 broad axe of venom.
 12733 | Lair:4   | 12733 ||| INVOKING Heroism.
 12792 | Lair:4   | 12792 ||| Stepping ~*~*~tactically~*~*~ (stealth).
 12793 | Lair:4   | 12793 ||| Stepping ~*~*~tactically~*~*~ (stealth).
 12880 | Lair:4   | 12880 ||| Stepping ~*~*~tactically~*~*~ (stealth).
 12882 | Lair:4   | 12882 ||| Stepping ~*~*~tactically~*~*~ (stealth).
 13307 | Lair:4   | 13307 ||| READING scroll labelled TOR VUNUODE.
 13345 | Lair:5   | Entered Level 5 of the Lair of Beasts
 13359 | Lair:5   | Noticed an ice dragon
 13360 | Lair:5   | 13360 ||| INVOKING Heroism.
 13361 | Lair:5   | 13361 ||| INVOKING Finesse.
 13364 | Lair:5   | Reached skill level 14 in Axes
 13377 | Lair:5   | Killed an ice dragon
 13422 | Lair:5   | 13422 ||| INVOKING Finesse.
 13430 | Lair:5   | 13430 ||| INVOKING Heroism.
 13447 | Lair:5   | Reached skill level 9 in Armour
 13477 | Lair:5   | 13477 ||| Stepping randomly (cloudy).
 13478 | Lair:5   | 13478 ||| Stepping randomly (cloudy).
 13480 | Lair:5   | 13480 ||| Stepping randomly (cloudy).
 13543 | Lair:5   | 13543 ||| Stepping ~*~*~tactically~*~*~ (stealth).
 13544 | Lair:5   | 13544 ||| Stepping ~*~*~tactically~*~*~ (stealth).
 13545 | Lair:5   | 13545 ||| Stepping ~*~*~tactically~*~*~ (stealth).
 13549 | Lair:5   | 13549 ||| INVOKING Heroism.
 13633 | Lair:5   | 13633 ||| INVOKING Heroism.
 13712 | Lair:5   | 13712 ||| Stepping ~*~*~tactically~*~*~ (stealth).
 13717 | Lair:5   | 13717 ||| Stepping ~*~*~tactically~*~*~ (stealth).
 13804 | Lair:5   | 13804 ||| INVOKING Heroism.
 13827 | Lair:5   | Found a runed translucent door.
 13828 | Lair:5   | Found a viscous altar of Jiyva.
 13829 | Lair:5   | Noticed an acid blob
 13837 | Lair:5   | Found a staircase to the Slime Pits.
 13837 | Lair:5   | Noticed an acid blob
 13837 | Lair:5   | Noticed an acid blob
 13864 | Lair:5   | 13864 ||| INVOKING Heroism.
 13888 | Lair:5   | 13888 ||| Stepping ~*~*~tactically~*~*~ (stealth).
 13906 | Lair:5   | Identified the +8 battleaxe "Agire" {pain, Str+4 Dex-3}
                  | (Okawaru gifted it to you on level 5 of the Lair of Beasts)
 13906 | Lair:5   | Received a gift from Okawaru
 13942 | Lair:5   | 13942 ||| INVOKING Heroism.
 13947 | Lair:5   | 13947 ||| Stepping ~*~*~tactically~*~*~ (stealth).
 13956 | Lair:5   | 13956 ||| SWAPPING to +0 hand axe of flaming.
 13967 | Lair:5   | Gained mutation: Your large and strong wings let you fly.
                  | [Gargoyle growth]
 13967 | Lair:5   | Reached XP level 14. HP: 82/90 MP: 21/21
 13967 | Lair:5   | 13967 ||| SWAPPING to +7 broad axe of venom.
 14018 | Lair:5   | 14018 ||| Stepping ~*~*~tactically~*~*~ (hiding).
 14026 | Lair:5   | Reached skill level 15 in Axes
 14026 | Lair:5   | 14026 ||| INVOKING Heroism.
 14055 | Lair:5   | 14055 ||| Stepping ~*~*~tactically~*~*~ (hiding).
 14076 | Lair:5   | Identified the ring "Hets" {Fly rPois}
 14087 | Lair:5   | 14087 ||| Stepping ~*~*~tactically~*~*~ (stealth).
 14099 | Lair:5   | 14099 ||| INVOKING Heroism.
 14133 | Lair:5   | 14133 ||| Stepping ~*~*~tactically~*~*~ (stealth).
 14155 | Lair:5   | 14155 ||| INVOKING Heroism.
 14156 | Lair:5   | 14156 ||| Stepping ~*~*~tactically~*~*~ (hiding).
 14157 | Lair:5   | 14157 ||| SWAPPING to +0 hand axe of flaming.
 14158 | Lair:5   | 14158 ||| INVOKING Finesse.
 14166 | Lair:5   | 14166 ||| SWAPPING to +7 broad axe of venom.
 14170 | Lair:5   | Reached skill level 12 in Fighting
 14209 | Lair:5   | 14209 ||| Stepping ~*~*~tactically~*~*~ (stealth).
 14215 | Lair:5   | 14215 ||| Stepping ~*~*~tactically~*~*~ (stealth).
 14223 | Lair:5   | 14223 ||| Stepping ~*~*~tactically~*~*~ (stealth).
 14241 | Lair:5   | 14241 ||| Stepping ~*~*~tactically~*~*~ (stealth).
 14242 | Lair:5   | 14242 ||| Stepping ~*~*~tactically~*~*~ (stealth).
 14247 | Lair:5   | 14247 ||| Stepping ~*~*~tactically~*~*~ (stealth).
 14249 | Lair:5   | 14249 ||| Stepping ~*~*~tactically~*~*~ (stealth).
 14250 | Lair:5   | 14250 ||| Stepping ~*~*~tactically~*~*~ (stealth).
 14267 | Lair:5   | Received a gift from Okawaru
 14290 | Lair:5   | Found a corrupted altar of Lugonu.
 14290 | Lair:5   | Found a one-way gate to the infinite horrors of the Abyss.
 14497 | Lair:5   | 14497 ||| INVOKING Heroism.
 14498 | Lair:5   | 14498 ||| INVOKING Finesse.
 14560 | Lair:5   | 14560 ||| READING scroll of brand weapon.
 14560 | Lair:5   | 14560 ||| BRANDING +7 broad axe of venom.
 14576 | Lair:5   | 14576 ||| PLANNING D:1-11
 14576 | Lair:5   | 14576 ||| DROPPING scarf of shadows.
 14577 | Lair:5   | 14577 ||| DROPPING +0 helmet of intelligence.
 14578 | Lair:5   | 14578 ||| DROPPING ring "Hets" {Fly rPois}.
 14701 | D:10     | Entered Level 10 of the Dungeon
 14702 | D:10     | 14702 ||| STAIRDANCE
 14707 | D:10     | 14707 ||| STAIRDANCE
 14709 | D:9      | 14709 ||| INVOKING Heroism.
 14724 | D:10     | 14724 ||| STAIRDANCE
 14729 | D:10     | 14729 ||| STAIRDANCE
 14951 | D:10     | Noticed Erolcha
 14952 | D:10     | 14952 ||| INVOKING Heroism.
 14953 | D:10     | 14953 ||| INVOKING Finesse.
 14958 | D:10     | Killed Erolcha
 15040 | D:10     | Found a snail-covered altar of Cheibriados.
 15198 | D:10     | 15198 ||| INVOKING Heroism.
 15325 | D:10     | 15325 ||| Stepping ~*~*~tactically~*~*~ (hiding).
 15329 | D:10     | 15329 ||| INVOKING Heroism.
 15348 | D:10     | Found the +3 salamander hide armour {Flames rF++ rC--}
 15556 | D:11     | 15556 ||| INVOKING Heroism.
 15557 | D:11     | 15557 ||| INVOKING Finesse.
 15652 | D:11     | 15652 ||| READING scroll of acquirement.
 15652 | D:11     | 15652 ||| ACQUIRING ring "Deaqofy" {rF+ AC+4 Int+4}
 15652 | D:11     | Acquired the ring "Deaqofy" {rF+ AC+4 Int+4}
 15654 | D:11     | 15654 ||| DROPPING ring of Doubts {Ice Int+2 Stlth+}.
 15912 | D:11     | 15912 ||| Stepping ~*~*~tactically~*~*~ (hiding).
 15917 | D:11     | 15917 ||| INVOKING Heroism.
 16152 | D:11     | 16152 ||| PLANNING D
 16152 | D:11     | 16152 ||| DROPPING +2 hat of see invisible.
 16153 | D:11     | 16153 ||| UPGRADING to +6 ring of strength.
 16155 | D:11     | 16155 ||| UPGRADING to ring "Deaqofy" {rF+ AC+4 Int+4}.
 16157 | D:11     | 16157 ||| UPGRADING to +4 ring of slaying {mikee}.
 16159 | D:11     | 16159 ||| DROPPING +6 ring of strength.
 16195 | D:12     | 16195 ||| Stepping ~*~*~tactically~*~*~ (stealth).
 16198 | D:12     | 16198 ||| FLEEEEING.
 16201 | D:12     | 16201 ||| FLEEEEING.
 16202 | D:12     | 16202 ||| FLEEEEING.
 16560 | D:12     | Found a frozen archway.
 16752 | D:12     | 16752 ||| INVOKING Heroism.
 16753 | D:12     | Slain by a two-headed ogre

Levels and vault maps discovered:
D:1:      sevenhm_arrival_forest_fort_small_4, layout_loops_ring,
          dilly_ecumenical_altar_fadedgnrine, dk_noncrumbling_3,
          kennysheep_decorative_pillar
D:2:      layout_rooms
D:3:      layout_basic, grunt_decor_one_mirror
D:4:      layout_layer_cave, mainiacjoe_overflow_tiny_flanked,
          nicolae_yredelemnul_corpse_copse, uniq_sigmund
D:5:      layout_loops_cross, mainiacjoe_overflow_catwalk, uniq_eustachio
D:6:      layout_basic, okawaru_altar_gauntlet_db, nemelex_dance_club_becter,
          uniq_duvessa
D:7:      layout_loops_ring, minmay_temple_entry_poolview
D:8:      layout_basic
D:9:      layout_rooms, lair_entry_dummy, uniq_erica, uniq_grum, uniq_pikel
D:10:     layout_long_grid, mainiacjoe_overflow_cross_hatched,
          hellmonk_guarded_unrand_salamander, uniq_erolcha
D:11:     layout_irregular_city, hangedman_abyss_or_decor_clamps
D:12:     layout_stronghold, david_orc_4, portal_ice_cave_entry_pillars_2
Lair:1:   minmay_guarded_unrand_snakebite, layout_loops_ring,
          infiniplex_staircase_pool_2
Lair:2:   layout_chaotic_city, spider_nest_entry_web_field,
          gammafunk_ghost_berserking_beasts
Lair:3:   layout_regular_city, minmay_shoals_entry_lonely_mermaid,
          chequers_serial_rivers_small_a, lemuel_fruit_fields
Lair:4:   layout_regular_city, dreamdust_mushroom_princess,
          serial_bayou_shore_b, serial_bayou_shore_b, grunt_megastairs_4
Lair:5:   hellmonk_lair_end_abyssal_woods, layout_cave_shapes, slime_entry_2,
          ice2_lemuel

Skill      XL: |  1  2  3  4  5  6  7  8  9 10 11 12 13 14 |
---------------+-------------------------------------------+-----
Axes           | 2 3 4 5 6 7 9 10 11 13 14 15 | 15.5
Fighting       | 4 5 6 7 8 9 10 11 12 | 12.1
Dodging        | 1 2 3 4 |  4.0
Shields        | 4 5 6 7 |  7.3
Invocations    | 2 4 6 9 10 | 10.0
Throwing       | 2 3 4 5 |  5.0
Armour         | 4 6 7 8 9 10 | 10.0

Action                   |  1- 3 |  4- 6 |  7- 9 | 10-12 | 13-15 || total
-------------------------+-------+-------+-------+-------+-------++-------
Melee: War axe           |    79 |   100 |   255 |     2 |       ||   436
       Broad axe         |       |       |       |   338 |   356 ||   694
       Hand axe          |       |       |       |       |    24 ||    24
Throw: Boomerang         |       |       |     2 |     5 |    71 ||    78
       Javelin           |       |       |     5 |    67 |    41 ||   113
Invok: Heroism           |       |       |     5 |    18 |    21 ||    44
       Finesse           |       |       |       |     4 |     7 ||    11
  Use: Scroll            |     4 |     2 |     9 |    16 |     3 ||    34
       Potion            |       |     3 |     1 |     2 |       ||     6
 Stab: Confused          |       |       |       |       |     1 ||     1
Armor: Scale mail        |    49 |    41 |   152 |     1 |       ||   243
       Chain mail        |       |       |       |   180 |   187 ||   367
Dodge: Dodged            |    42 |    42 |    97 |   138 |   111 ||   430
Block: Buckler           |    12 |    12 |    46 |    77 |   101 ||   248

Table legend:
 A = Non-vault XP
 B = Vault XP
 C = Vault XP percentage of total XP
 D = Non-vault monster count
 E = Vault monster count
 F = Vault count percentage of total count
                 A         B        C        D         E       F
            +---------+---------+-------+---------+---------+-------
      Total |   52087 |   21377 |  29.1 |     348 |      90 |  20.5
            +---------+---------+-------+---------+---------+-------
        D:1 |      23 |       0 |   0.0 |      14 |       0 |   0.0
        D:2 |      33 |       0 |   0.0 |      11 |       0 |   0.0
        D:3 |     115 |       0 |   0.0 |      23 |       0 |   0.0
        D:4 |      86 |     341 |  79.9 |      13 |       6 |  31.6
        D:5 |     634 |     197 |  23.7 |      30 |       1 |   3.2
        D:6 |     525 |     379 |  41.9 |      16 |      10 |  38.5
        D:7 |    1153 |       0 |   0.0 |      24 |       0 |   0.0
        D:8 |    1997 |       0 |   0.0 |      21 |       0 |   0.0
        D:9 |    2442 |    2032 |  45.4 |      46 |       6 |  11.5
       D:10 |     317 |    2703 |  89.5 |       5 |       4 |  44.4
       D:11 |    3254 |       0 |   0.0 |      10 |       0 |   0.0
       D:12 |    2232 |       0 |   0.0 |       5 |       0 |   0.0
     Lair:1 |    5793 |    1223 |  17.4 |      24 |      11 |  31.4
     Lair:2 |   11055 |       0 |   0.0 |      30 |       0 |   0.0
     Lair:3 |    5579 |     506 |   8.3 |      22 |       1 |   4.3
     Lair:4 |    3303 |     147 |   4.3 |      12 |       1 |   7.7
     Lair:5 |   13546 |   13849 |  50.6 |      42 |      50 |  54.3
            +---------+---------+-------+---------+---------+-------
